Map: Dusk Towers

Players

petstorehero

  • Race: Zerg Zerg
  • League: Master

FLORENCIO - Winner!

  • Race: Protoss Protoss
  • League: Diamond

VOD

Have the link to the VOD?

Description

Time

  • Played on: July 10, 2016, 3:48 p.m.
  • Length: 12:46
Show
View Real Time Build Order
Export as new Build Order

petstorehero Zerg 

Build Orders: Hatch First 

Get SALT Encoding   

  12  0:01  Drone  
  13  0:12  Overlord  
  13  0:17  Drone  
  14  0:31  Drone x2  
  14  0:34  Drone  
  17  0:55  Hatchery  
  16  0:59  Drone x2  
  18  1:08  Extractor, Drone  
  18  1:17  Drone  
  19  1:22  Spawning Pool  
  18  1:32  Drone  
  20  1:54  Drone x2  
  21  2:02  Drone  
  22  2:09  Queen x2  
  22  2:11  Drone  
  22  2:12  Drone  
  28  2:23  Overlord  
  28  2:29  Roach Warren  
  27  2:31  Spore Crawler  
  27  2:32  Drone  
  27  2:36  Drone x2, Spore Crawler  
  28  2:44  Drone x2  
  30  2:54  Queen  
  30  2:58  Queen  
  32  3:02  Drone  
  35  3:06  Drone  
  35  3:11  Overlord  
  36  3:14  Extractor  
  36  3:15  Drone  
  36  3:23  Overlord x2  
  36  3:32  Lair  
  36  3:33  Roach  
  38  3:35  Roach  
  38  3:40  Roach  
  42  3:41  Roach  
  44  3:50  Drone x3  
  44  3:54  Drone x2  
  44  3:55  Drone  
  50  3:56  Drone  
  50  3:57  Drone  
  50  4:01  Drone  
  53  4:04  Pneumatized Carapace  
  53  4:14  Drone x4  
  57  4:21  Extractor  
  57  4:23  Extractor  
  55  4:27  Drone  
  56  4:31  Extractor  
  56  4:35  Hydralisk Den  
  56  4:38  Drone x3  
  57  4:40  Drone x3  
  57  4:45  Overseer  
  60  4:57  Overlord x3  
  60  4:58  Overlord x3  
  60  5:01  Overseer  
  60  5:18  Drone x2  
  60  5:19  Drone  
  63  5:21  Muscular Augments  
  63  5:40  Hydralisk x4  
  63  5:41  Hydralisk x2  
  75  5:48  Hydralisk x2  
  79  5:53  Hatchery  
  78  5:59  Overlord x2, Evolution Chamber  
  78  6:00  Evolution Chamber  
  78  6:02  Hydralisk  
  78  6:03  Hydralisk x2  
  82  6:11  Hydralisk x2  
  74  6:21  Queen x2  
  76  6:29  Drone x3, Spore Crawler  
  76  6:30  Spore Crawler  
  77  6:36  Spore Crawler  
  77  6:37  Spore Crawler  
  77  6:39  Zerg Ground Armor Level 1  
  75  6:43  Zerg Missile Weapons Level 1  
  75  6:45  Drone  
  77  6:47  Drone  
  77  6:48  Drone  
  78  7:03  Hydralisk  
  78  7:04  Hydralisk x3  
  78  7:08  Queen  
  83  7:22  Ravager  
  83  7:23  Ravager x2  
  83  7:25  Hydralisk x2  
  83  7:26  Hydralisk  
  91  7:32  Queen x2  
  95  7:50  Hydralisk  
  95  7:51  Hydralisk x4  
  97  7:54  Overlord x2  
  105  7:59  Queen  
  107  8:29  Drone x3  
  107  8:30  Drone x7  
  107  8:31  Drone x5  
  122  8:37  Extractor  
  122  8:38  Nydus Network  
  118  8:41  Extractor  
  117  8:51  Spore Crawler x2  
  117  8:53  Spore Crawler x2  
  117  8:54  Drone  
  114  8:56  Overlord x2  
  114  8:57  Overlord  
  114  8:58  Overlord  
  114  9:08  Spire  
  111  9:24  Nydus Canal  
  111  9:29  Spore Crawler x2  
  109  9:33  Drone x3  
  109  9:34  Drone x4  
  107  10:18  Hatchery  
  102  10:24  Corruptor  
  102  10:25  Corruptor x5  
  114  10:39  Corruptor  
  116  10:48  Corruptor  
  107  11:21  Corruptor x3  
Show
View Real Time Build Order
Export as new Build Order

FLORENCIO Protoss - Winner!

Build Orders: 1 Gate Expand 

Get SALT Encoding   

  12  0:01  Probe (Chrono Boost)  
  13  0:12  Probe (Chrono Boost)  
  14  0:22  Probe (Chrono Boost)  
  14  0:24  Pylon  
  15  0:34  Assimilator  
  16  0:42  Probe (Chrono Boost)  
  16  0:46  Gateway  
  16  0:53  Probe (Chrono Boost)  
  16  0:56  Assimilator  
  17  1:04  Probe (Chrono Boost)  
  18  1:14  Probe (Chrono Boost)  
  19  1:25  Probe (Chrono Boost)  
  20  1:35  Probe (Chrono Boost)  
  21  1:40  Nexus  
  21  1:46  Probe (Chrono Boost)  
  22  1:55  Cybernetics Core  
  22  1:59  Probe (Chrono Boost)  
  23  2:19  Pylon  
  23  2:36  Stalker  
  26  2:37  Probe (Chrono Boost)  
  26  2:48  Mothership Core (Chrono Boost)  
  26  2:50  Pylon  
  28  3:03  Pylon  
  28  3:06  Probe (Chrono Boost)  
  28  3:11  Probe (Chrono Boost)  
  30  3:16  Probe (Chrono Boost)  
  31  3:20  Assimilator  
  31  3:21  Probe (Chrono Boost)  
  32  3:27  Probe (Chrono Boost)  
  32  3:29  Stargate  
  32  3:31  Stargate  
  32  3:32  Probe (Chrono Boost)  
  34  3:35  Stargate  
  34  3:40  Assimilator  
  34  3:47  Probe (Chrono Boost)  
  36  3:48  Probe (Chrono Boost)  
  36  3:57  Forge  
  36  3:58  Probe (Chrono Boost)  
  36  3:59  Probe (Chrono Boost)  
  38  4:08  Probe (Chrono Boost)  
  39  4:15  Probe (Chrono Boost), Pylon  
  40  4:21  Oracle (Chrono Boost)  
  46  4:27  Oracle (Chrono Boost)  
  46  4:31  Oracle (Chrono Boost)  
  49  4:34  Probe  
  49  4:36  Probe  
  51  4:45  Probe  
  51  4:48  Probe  
  51  4:50  Photon Cannon  
  53  4:59  Oracle (Chrono Boost)  
  56  5:06  Oracle (Chrono Boost)  
  62  5:14  Oracle (Chrono Boost)  
  62  5:29  Probe  
  62  5:30  Probe, Photon Cannon  
  62  5:31  Oracle (Chrono Boost)  
  62  5:32  Photon Cannon  
  67  5:39  Probe  
  67  5:40  Photon Cannon  
  69  5:42  Probe  
  69  5:53  Pylon  
  69  6:11  Void Ray (Chrono Boost)  
  70  6:18  Void Ray (Chrono Boost)  
  59  6:32  Photon Cannon  
  63  6:34  Void Ray (Chrono Boost)  
  63  6:48  Void Ray (Chrono Boost)  
  63  6:50  Photon Cannon  
  63  6:52  Pylon  
  67  6:55  Fleet Beacon  
  75  7:26  Pylon  
  75  7:28  Pylon  
  75  7:31  Photon Cannon  
  75  7:32  Photon Cannon  
  75  7:49  Tempest (Chrono Boost)  
  79  7:54  Tempest x2 (Chrono Boost)  
  79  7:59  Pylon  
  79  8:19  Photon Cannon  
  79  8:26  Tempest (Chrono Boost)  
  91  8:37  Tempest x2 (Chrono Boost)  
  91  9:03  Tempest (Chrono Boost)  
  91  9:21  Pylon  
  91  9:22  Pylon  
  91  9:45  Tempest x2 (Chrono Boost)  
  82  10:08  Tempest (Chrono Boost)  
  79  10:28  Tempest (Chrono Boost)  
  80  11:19  Pylon  
  80  11:20  Pylon  
  80  11:21  Pylon  
Tags
 
Add a new tag
Caveats
  • Supply blocks, unpowered buildings, or Contaminate may cause inaccurate times.
  • Supply counts are checked every 10 seconds.